DBL
SAN DIEGO PADRES @ SEATTLE PILOTS
05/12/1997
 
TOP OF THE 1ST
San Diego Padres batting - Pitching for Seattle Pilots : LHP David West
Pitching: LHP David West
Batting: SHB Mark Whiten 0-0: Called Strike
0-1: Foul Ball, location: 2F
0-2: Ball
1-2: Strikes out swinging
Batting: RHB Craig Grebeck 0-0: Foul Ball, location: 2F
0-1: Ball
1-1: Ball
2-1: Hit by Pitch
Batting: RHB Manny Ramirez 0-0: Fly out, F2 (Popup, 23F, EV 82.5 MPH)
Batting: RHB Jeff Conine 0-0: Ball
1-0: Foul Ball, location: 2F
1-1: Called Strike
1-2: Strikes out swinging
Top of the 1st over - 0 runs, 0 hits, 0 errors, 1 left on base; San Diego 0 - Seattle 0
BOTTOM OF THE 1ST
Seattle Pilots batting - Pitching for San Diego Padres : LHP Mark Langston
Pitching: LHP Mark Langston
Batting: SHB Pat Listach 0-0: Called Strike
0-1: Swinging Strike
0-2: Strikes out swinging
Batting: RHB Dante Bichette 0-0: Ball
1-0: Fly out, F5 (Flyball, 5D, EV 87.5 MPH)
Batting: RHB Edgar Martinez 0-0: Swinging Strike
0-1: SINGLE (Line Drive, 9S, EV 105.6 MPH)
Batting: RHB Jermaine Dye 0-0: Ball
1-0: Swinging Strike
1-1: Foul Ball, location: 2F
1-2: 2-RUN HOME RUN (Flyball, 78XD, EV 108.8 MPH), Distance : 427 ft
Batting: LHB Ken Griffey Jr. 0-0: Foul Ball, location: 2F
0-1: Fly out, F8 (Flyball, 8RD, EV 83.1 MPH)
Bottom of the 1st over - 2 runs, 2 hits, 0 errors, 0 left on base; San Diego 0 - Seattle 2
TOP OF THE 2ND
San Diego Padres batting - Pitching for Seattle Pilots : LHP David West
Batting: RHB Jose Canseco 0-0: Ball
1-0: Foul Ball, location: 2F
1-1: DOUBLE (Line Drive, 7LS, EV 91.3 MPH)
Batting: RHB Wil Cordero 0-0: Swinging Strike
0-1: Ball
1-1: Ball
2-1: Ball
3-1: Base on Balls
Batting: SHB Mark Bellhorn 0-0: Ball
1-0: Foul Ball, location: 2F
1-1: Ball
2-1: Ball
3-1: Base on Balls
Jose Canseco to third
Wil Cordero to second
Batting: RHB Carlos Quintana 0-0: Ball
1-0: Ball
2-0: Ball
3-0: Called Strike
3-1: Base on Balls
Jose Canseco scores
Wil Cordero to third
Mark Bellhorn to second
Batting: LHB Ed Taubensee 0-0: Ball
1-0: Called Strike
1-1: Ball
2-1: Swinging Strike
2-2: Strikes out swinging
Batting: SHB Mark Whiten 0-0: Ball
1-0: Called Strike
1-1: Called Strike
1-2: Fielders Choice at 2nd, 5-4 (Groundball, 56S, EV 81.9 MPH)
Wil Cordero scores
Mark Bellhorn to third
Batting: RHB Craig Grebeck 0-0: Foul Ball, location: 2F
0-1: Ball
1-1: Ball
2-1: Ball
3-1: Called Strike
3-2: Ground out U3 (Groundball, 3L, EV 106.3 MPH)
Top of the 2nd over - 2 runs, 1 hit, 0 errors, 2 left on base; San Diego 2 - Seattle 2
BOTTOM OF THE 2ND
Seattle Pilots batting - Pitching for San Diego Padres : LHP Mark Langston
Batting: SHB Bill R Mueller 0-0: Ball
1-0: Called Strike
1-1: Ground out 1-3 (Groundball, 15S, EV 61.3 MPH)
Batting: LHB J.T. Snow 0-0: Ball
1-0: Ball
2-0: Ground out 1-3 (Groundball, 13, EV 85.6 MPH)
Batting: SHB Mark McLemore 0-0: Ball
1-0: Ground out 5-3 (Groundball, 56, EV 86.3 MPH)
Bottom of the 2nd over - 0 runs, 0 hits, 0 errors, 0 left on base; San Diego 2 - Seattle 2
TOP OF THE 3RD
San Diego Padres batting - Pitching for Seattle Pilots : LHP David West
Batting: RHB Manny Ramirez 0-0: Ball
1-0: Foul Ball, location: 2F
1-1: Foul Ball, location: 2F
1-2: Ball
2-2: Foul Ball, location: 2F
2-2: Foul Ball, location: 2F
2-2: Reaches on Catchers interference
Batting: RHB Jeff Conine 0-0: Foul Ball, location: 2F
0-1: Swinging Strike
0-2: Fly out, F5 (Line Drive, 5, EV 69.4 MPH)
Batting: RHB Jose Canseco 0-0: Called Strike
0-1: Ball
1-1: Swinging Strike
1-2: Strikes out looking
Batting: RHB Wil Cordero 0-0: Ball
1-0: Foul Ball, location: 2F
1-1: Ball
2-1: Foul Ball, location: 2F
2-2: Ball
3-2: Base on Balls
Manny Ramirez to second
Batting: SHB Mark Bellhorn 0-0: DOUBLE (Line Drive, 9LM, EV 112.5 MPH)
Manny Ramirez scores
Wil Cordero to third
Runner from 3rd tries for Home, SAFE, no throw by RF
Batting: RHB Carlos Quintana 0-0: Called Strike
0-1: Ball
1-1: Ball
2-1: Swinging Strike
2-2: Foul Ball, location: 2F
2-2: Ball
3-2: Fly out, F6 (Line Drive, 6, EV 70.0 MPH)
Top of the 3rd over - 2 runs, 1 hit, 1 error, 1 left on base; San Diego 4 - Seattle 2
BOTTOM OF THE 3RD
Seattle Pilots batting - Pitching for San Diego Padres : LHP Mark Langston
Batting: RHB Francisco Cabrera 0-0: Ball
1-0: Ball
2-0: Ball
3-0: Base on Balls
Batting: SHB Pat Listach 0-0: Bunt missed!
0-1: Bunted foul
0-2: Ball
1-2: Ball
2-2: Foul Ball, location: 2F
2-2: Ball
3-2: Foul Ball, location: 2F
3-2: Foul Ball, location: 2F
3-2: Foul Ball, location: 2F
3-2: Foul Ball, location: 2F
3-2: Base on Balls
Francisco Cabrera to second
Batting: RHB Dante Bichette 0-0: Ball
1-0: Called Strike
1-1: Ball
2-1: Called Strike
2-2: Strikes out looking
Batting: RHB Edgar Martinez 0-0: DOUBLE (Line Drive, 8RXD, EV 100.0 MPH)
Francisco Cabrera scores
Pat Listach to third
Batting: RHB Jermaine Dye 0-0: Foul Ball, location: 2F
0-1: Swinging Strike
0-2: Ball
1-2: Ground out 6-3 (Groundball, 6, EV 101.9 MPH)
Pat Listach scores
Batting: LHB Ken Griffey Jr. 0-0: SINGLE (Line Drive, 7S, EV 98.8 MPH)
Edgar Martinez to third
Runner from 3rd tries for Home, SAFE, throw by LF to home
Batting: SHB Bill R Mueller 0-0: Ball
1-0: Ball
2-0: Called Strike
2-1: Ball
3-1: Called Strike
3-2: SINGLE (Groundball, 34D, EV 101.3 MPH)
Ken Griffey Jr. to second
Ken Griffey Jr. to third
Batting: LHB J.T. Snow 0-0: Called Strike
0-1: Ball
1-1: Ball
Passed Ball!
Ken Griffey Jr. scores
Bill R Mueller to second
2-1: Swinging Strike
2-2: Strikes out swinging
Bottom of the 3rd over - 4 runs, 3 hits, 0 errors, 1 left on base; San Diego 4 - Seattle 6
TOP OF THE 4TH
San Diego Padres batting - Pitching for Seattle Pilots : LHP David West
Batting: LHB Ed Taubensee 0-0: Ball
1-0: Foul Ball, location: 2F
1-1: Ball
2-1: Foul Ball, location: 2F
2-2: Strikes out swinging
Batting: SHB Mark Whiten 0-0: Ball
1-0: Ball
2-0: Swinging Strike
2-1: Called Strike
2-2: SINGLE (Groundball, 56D, EV 105.6 MPH)
Batting: RHB Craig Grebeck 0-0: Swinging Strike
Mark Whiten is caught stealing 2nd base 2-4
0-1: Ball
1-1: Ball
2-1: Called Strike
2-2: SINGLE (Groundball, 34D, EV 94.4 MPH)
Batting: RHB Manny Ramirez 0-0: Ball
1-0: Ball
2-0: Called Strike
2-1: Ball
3-1: Base on Balls
Craig Grebeck to second
Batting: RHB Jeff Conine 0-0: Ball
1-0: Called Strike
1-1: Ball
2-1: Swinging Strike
2-2: Ball
3-2: Strikes out swinging
Top of the 4th over - 0 runs, 2 hits, 0 errors, 2 left on base; San Diego 4 - Seattle 6
BOTTOM OF THE 4TH
Seattle Pilots batting - Pitching for San Diego Padres : LHP Mark Langston
Batting: SHB Mark McLemore 0-0: Ball
1-0: Fly out, F7 (Flyball, 7S, EV 85.0 MPH)
Batting: RHB Francisco Cabrera 0-0: Ball
1-0: SOLO HOME RUN (Flyball, 9LD, EV 88.1 MPH), Distance : 351 ft
Batting: SHB Pat Listach 0-0: Ball
1-0: SINGLE (Groundball, 34D, EV 93.8 MPH)
Batting: RHB Dante Bichette 0-0: Ball
1-0: Foul Ball, location: 2F
1-1: Ball
2-1: Called Strike
2-2: Strikes out looking
Batting: RHB Edgar Martinez 0-0: Foul Ball, location: 2F
0-1: Fly out, F8 (Flyball, 8LD, EV 101.9 MPH)
Bottom of the 4th over - 1 run, 2 hits, 0 errors, 1 left on base; San Diego 4 - Seattle 7
TOP OF THE 5TH
San Diego Padres batting - Pitching for Seattle Pilots : LHP David West
Batting: RHB Jose Canseco 0-0: Swinging Strike
0-1: Ball
1-1: Swinging Strike
1-2: Ball
2-2: Ball
3-2: Strikes out swinging
Batting: RHB Wil Cordero 0-0: Ground out 5-3 (Groundball, 5, EV 96.9 MPH)
Batting: SHB Mark Bellhorn 0-0: Ball
1-0: Foul Ball, location: 2F
1-1: Foul Ball, location: 2F
1-2: Foul Ball, location: 2F
1-2: Strikes out swinging
Top of the 5th over - 0 runs, 0 hits, 0 errors, 0 left on base; San Diego 4 - Seattle 7
BOTTOM OF THE 5TH
Seattle Pilots batting - Pitching for San Diego Padres : LHP Mark Langston
Batting: RHB Jermaine Dye 0-0: Foul Ball, location: 2F
0-1: Ball
1-1: Called Strike
1-2: Foul Ball, location: 2F
1-2: Foul Ball, location: 2F
1-2: Ball
2-2: Foul Ball, location: 2F
2-2: Ball
3-2: Foul Ball, location: 2F
3-2: Fly out, F8 (Flyball, 8LXD, EV 90.6 MPH)
Batting: LHB Ken Griffey Jr. 0-0: Called Strike
0-1: Ball
1-1: Ball
2-1: Foul Ball, location: 2F
2-2: Ball
3-2: Foul Ball, location: 2F
3-2: Base on Balls
Batting: SHB Bill R Mueller 0-0: Ball
1-0: Ball
2-0: Called Strike
2-1: Ball
3-1: SINGLE (Flyball, 78S, EV 83.8 MPH)
Ken Griffey Jr. to second
Batting: LHB J.T. Snow 0-0: Called Strike
0-1: 3-RUN HOME RUN (Flyball, 9LD, EV 97.5 MPH), Distance : 326 ft
Pitching: RHP Stan Belinda
Batting: SHB Mark McLemore 0-0: Ball
1-0: Ball
2-0: Swinging Strike
2-1: Swinging Strike
2-2: Strikes out swinging
Batting: RHB Francisco Cabrera 0-0: Called Strike
0-1: Ball
1-1: Called Strike
1-2: Fly out, F8 (Flyball, 89D, EV 103.1 MPH)
Bottom of the 5th over - 3 runs, 2 hits, 0 errors, 0 left on base; San Diego 4 - Seattle 10
TOP OF THE 6TH
San Diego Padres batting - Pitching for Seattle Pilots : LHP David West
Batting: RHB Carlos Quintana 0-0: Ball
1-0: Ball
2-0: Called Strike
2-1: Ball
3-1: Base on Balls
Pitching: RHP Francisco Oliveras
Batting: LHB Ed Taubensee 0-0: Fly out, F7 (Flyball, 7LM, EV 88.1 MPH)
Batting: SHB Mark Whiten 0-0: Ball
1-0: Foul Ball, location: 2F
1-1: Foul Ball, location: 2F
1-2: Fielders Choice at 2nd, 4-6 (Groundball, 4, EV 85.0 MPH)
Batting: RHB Craig Grebeck 0-0: Ball
1-0: Called Strike
1-1: Ground out 5-3 (Groundball, 56S, EV 68.1 MPH)
Top of the 6th over - 0 runs, 0 hits, 0 errors, 1 left on base; San Diego 4 - Seattle 10
BOTTOM OF THE 6TH
Seattle Pilots batting - Pitching for San Diego Padres : RHP Stan Belinda
Batting: SHB Pat Listach 0-0: Ball
1-0: Ball
2-0: Ball
3-0: Called Strike
3-1: Base on Balls
Batting: RHB Dante Bichette 0-0: Ball
1-0: Called Strike
Pat Listach steals 2nd base
1-1: Called Strike
1-2: Fly out, F8 (Flyball, 8RD, EV 107.5 MPH)
Batting: RHB Edgar Martinez 0-0: Ball
1-0: Foul Ball, location: 2F
1-1: Ball
2-1: Ball
3-1: Foul Ball, location: 2F
3-2: 2-RUN HOME RUN (Flyball, 7D, EV 111.3 MPH), Distance : 385 ft
Batting: RHB Jermaine Dye 0-0: Called Strike
0-1: Ball
1-1: Foul Ball, location: 2F
1-2: Strikes out swinging
Batting: LHB Ken Griffey Jr. 0-0: Fly out, F7 (Line Drive, 7, EV 90.6 MPH)
Bottom of the 6th over - 2 runs, 1 hit, 0 errors, 0 left on base; San Diego 4 - Seattle 12
TOP OF THE 7TH
San Diego Padres batting - Pitching for Seattle Pilots : RHP Francisco Oliveras
Batting: RHB Manny Ramirez 0-0: Swinging Strike
0-1: SOLO HOME RUN (Flyball, 78XD, EV 104.4 MPH), Distance : 400 ft
Batting: RHB Jeff Conine 0-0: Fly out, F8 (Flyball, 8RXD, EV 98.8 MPH)
Batting: RHB Jose Canseco 0-0: Called Strike
0-1: Ball
1-1: Foul Ball, location: 2F
1-2: Strikes out swinging
Batting: RHB Wil Cordero 0-0: Ball
1-0: Swinging Strike
1-1: Called Strike
1-2: Ball
2-2: Foul Ball, location: 2F
2-2: Strikes out swinging
Top of the 7th over - 1 run, 1 hit, 0 errors, 0 left on base; San Diego 5 - Seattle 12
BOTTOM OF THE 7TH
Seattle Pilots batting - Pitching for San Diego Padres : RHP Stan Belinda
Batting: SHB Bill R Mueller 0-0: Ball
1-0: Ball
2-0: Ball
3-0: Called Strike
3-1: Base on Balls
Pitching: RHP Dave Veres
Pinch Hitting: LHB Marvin Benard 0-0: Ball
1-0: Fielders Choice at 2nd, 4-6 (Groundball, 4, EV 88.1 MPH)
Batting: SHB Mark McLemore 0-0: Ball
Marvin Benard steals 2nd base
1-0: Ball
2-0: Ball
3-0: Called Strike
3-1: Base on Balls
Batting: RHB Francisco Cabrera 0-0: Ball
1-0: Called Strike
1-1: Foul Ball, location: 2F
1-2: Ball
2-2: Strikes out looking
Batting: SHB Pat Listach 0-0: Ball
1-0: Called Strike
1-1: Ball
2-1: Ball
3-1: Foul Ball, location: 2F
3-2: Fly out, F8 (Flyball, 8LS, EV 82.5 MPH)
Bottom of the 7th over - 0 runs, 0 hits, 0 errors, 2 left on base; San Diego 5 - Seattle 12
TOP OF THE 8TH
San Diego Padres batting - Pitching for Seattle Pilots : RHP Francisco Oliveras
Now at 1B: Joe Girardi
Batting: SHB Mark Bellhorn 0-0: Swinging Strike
0-1: Foul Ball, location: 2F
0-2: Fly out, F9 (Flyball, 89S, EV 83.1 MPH)
Batting: RHB Carlos Quintana 0-0: Ball
1-0: Ball
2-0: Foul Ball, location: 2F
2-1: Foul Ball, location: 2F
2-2: SINGLE (Groundball, 4MD, EV 101.3 MPH)
Batting: LHB Ed Taubensee 0-0: Called Strike
0-1: Foul Ball, location: 2F
0-2: Ball
1-2: SINGLE (Groundball, 3D, EV 98.8 MPH)
Carlos Quintana to second
Batting: SHB Mark Whiten 0-0: Called Strike
0-1: Ball
1-1: Fly out, F8 (Flyball, 8LS, EV 81.3 MPH)
Batting: RHB Craig Grebeck 0-0: Called Strike
0-1: SINGLE (Groundball, 56D, EV 101.3 MPH)
Carlos Quintana to third
Ed Taubensee to second
Runner from 3rd tries for Home, SAFE, throw by LF to home
Batting: RHB Manny Ramirez 0-0: Ball
1-0: Ball
2-0: Called Strike
2-1: SINGLE (Flyball, 89M, EV 96.9 MPH)
Ed Taubensee to third
Craig Grebeck to second
Runner from 3rd tries for Home, SAFE, throw by CF to home
Batting: RHB Jeff Conine 0-0: Ball
1-0: Foul Ball, location: 2F
1-1: Foul Ball, location: 2F
1-2: Ball
2-2: Foul Ball, location: 2F
2-2: Fielders Choice at 2nd, 6-4 (Groundball, 6D, EV 76.9 MPH)
Top of the 8th over - 2 runs, 4 hits, 0 errors, 2 left on base; San Diego 7 - Seattle 12
BOTTOM OF THE 8TH
Seattle Pilots batting - Pitching for San Diego Padres : RHP Dave Veres
Batting: RHB Dante Bichette 0-0: Fly out, F8 (Flyball, 78D, EV 93.8 MPH)
Batting: RHB Edgar Martinez 0-0: Fly out, F8 (Flyball, 8RD, EV 90.0 MPH)
Batting: RHB Jermaine Dye 0-0: Ball
1-0: Ground out 6-3 (Groundball, 6, EV 80.6 MPH)
Bottom of the 8th over - 0 runs, 0 hits, 0 errors, 0 left on base; San Diego 7 - Seattle 12
TOP OF THE 9TH
San Diego Padres batting - Pitching for Seattle Pilots : RHP Francisco Oliveras
Batting: RHB Jose Canseco 0-0: Ground out 4-3 (Groundball, 4, EV 86.3 MPH)
Batting: RHB Wil Cordero 0-0: Called Strike
0-1: Fly out, F9 (Flyball, 9LM, EV 87.5 MPH)
Batting: SHB Mark Bellhorn 0-0: Called Strike
0-1: Ball
1-1: DOUBLE (Groundball, 3L, EV 106.9 MPH)
Batting: RHB Carlos Quintana 0-0: Ball
1-0: Called Strike
1-1: Ball
2-1: Foul Ball, location: 2F
2-2: Foul Ball, location: 2F
2-2: Foul Ball, location: 2F
2-2: Strikes out swinging
Top of the 9th over - 0 runs, 1 hit, 0 errors, 1 left on base; San Diego 7 - Seattle 12
Monday, February 9th, 2026 - OOTP Baseball 20.8 Build 74